 Dungeon Crawl Stone Soup version 0.29.0-5-ge4962eb29e (webtiles) character file.

Game seed: 4166697304336241108

140 themarg the Insei (level 5, 0/41 HPs)
             Began as a Gnoll Transmuter on Aug 29, 2022.
             Succumbed to a scorpion's poison
             ... on level 3 of the Dungeon.
             The game lasted 00:07:30 (2703 turns).

themarg the Insei (Gnoll Transmuter)                Turns: 2703, Time: 00:07:30

Health: 0/41       AC:  7    Str:  9    XL:     5   Next: 22%
Magic:  12/12      EV: 13    Int: 14    God:
Gold:   166        SH:  0    Dex: 13    Spells: 8/14 levels left

rFire   . . .      SeeInvis .   k - +4 halberd
rCold   . . .      Faith    .   (shield currently unavailable)
rNeg    . . .      Spirit   .   a - +0 robe
rPois   .          Reflect  .   o - +0 helmet
rElec   .          Harm     .   (no cloak)
rCorr   .          Rampage  .   (no gloves)
Will    .....                   (no boots)
Stlth   ++........              j - amulet of magic regeneration
HPRegen 0.13/turn               h - +4 ring of protection
MPRegen 0.53/turn               (no ring)

@: lethally poisoned (0 -> -9)
A: fangs 1, strong nose, distributed training
a: no special abilities


You were on level 3 of the Dungeon.
You visited 1 branch of the dungeon, and saw 3 of its levels.

You collected 166 gold pieces.

Inventory:

Hand Weapons
 g - a +0 dagger
 k - a +4 halberd (weapon)
Armour
 a - a +0 robe (worn)
 o - a +0 helmet (worn)
Jewellery
 h - a +4 ring of protection (left hand)
 j - an amulet of magic regeneration (around neck)
Scrolls
 c - 2 scrolls of teleportation {unknown}
 f - a scroll of amnesia {unknown}
 i - a scroll of magic mapping {unknown}
 l - a scroll of poison {unknown}
 p - 2 scrolls of fear {unknown}
 r - a scroll of enchant weapon {unknown}
 u - a scroll of fog {unknown}
 v - a scroll of silence {unknown}
Potions
 b - a potion of lignification
 e - 3 potions of flight
 m - 2 potions of haste
 n - a potion of curing {unknown}
 q - a potion of ambrosia {unknown}
 s - 2 potions of degeneration
 t - 2 potions of brilliance


   Skills:
 + Level 3.0 Fighting
 + Level 1.4 Short Blades
 + Level 1.4 Long Blades
 + Level 1.4 Axes
 + Level 1.4 Maces & Flails
 + Level 1.4 Polearms
 + Level 1.4 Staves
 + Level 1.4 Ranged Weapons
 + Level 1.4 Throwing
 + Level 1.4 Armour
 + Level 4.8 Dodging
 + Level 1.4 Stealth
 + Level 1.4 Shields
 + Level 6.7 Unarmed Combat
 + Level 5.2 Spellcasting
 + Level 1.1 Conjurations
 + Level 1.1 Hexes
 + Level 1.1 Summonings
 + Level 1.1 Necromancy
 + Level 1.1 Translocations
 + Level 3.9 Transmutations
 + Level 1.1 Fire Magic
 + Level 1.1 Ice Magic
 + Level 1.1 Air Magic
 + Level 1.1 Earth Magic
 + Level 1.1 Poison Magic
 + Level 1.6 Invocations
 + Level 1.4 Evocations


You had 8 spell levels left.
You knew the following spells:

 Your Spells              Type           Power      Damage    Failure   Level
a - Beastly Appendage     Tmut           28%        N/A       3%          1
b - Wereblood             Tmut           14%        N/A       4%          2
c - Spider Form           Tmut/Pois      10%        N/A       19%         3

Your spell library contained the following spells:

 Spells                   Type           Power      Damage    Failure   Level
 Shock                    Conj/Air       24%        1d4       11%         1
 Ice Form                 Ice/Tmut       10%        N/A       52%         4


Dungeon Overview and Level Annotations

Branches:
Dungeon (3/15)

Altars:

Shops:
D:2 [


Innate Abilities, Weirdness & Mutations

You have very sharp teeth.
Your uncanny sense of smell can sniff out nearby items.
Your experience applies equally to all skills.


Message History

The scorpion closely misses you. The scorpion barely misses you.
You barely miss the scorpion.
The scorpion is heavily wounded.
The scorpion stings you.
You hit the scorpion but do no damage.
The scorpion is heavily wounded.
The scorpion stings you but does no damage.
The scorpion stings you.
You are poisoned.
The scorpion poisons you!
You barely miss the scorpion.
The scorpion is heavily wounded.
You feel very sick. The scorpion stings you.
You are lethally poisoned!
The scorpion poisons you! The scorpion barely misses you.
You puncture the scorpion!
You kill the scorpion!
* * * LOW HITPOINT WARNING * * *
You feel very sick.
Your Fighting skill increases to level 3!
You have reached level 5!
There is a lethal amount of poison in your body!
Okay, then.
As you read the scroll labelled UGUKHL WIANOUL, it crumbles to dust.
It is a scroll of identify.
e - 3 potions of flight
* * * LOW HITPOINT WARNING * * *
You feel very sick.
As you read the scroll of identify, it crumbles to dust.
s - 2 potions of degeneration
* * * LOW HITPOINT WARNING * * *
You feel very sick.
As you read the scroll of identify, it crumbles to dust.
m - 2 potions of haste
* * * LOW HITPOINT WARNING * * *
You feel very sick.
As you read the scroll of identify, it crumbles to dust.
t - 2 potions of brilliance You die...

#.# #.# #.#
#.# #.# #.#
#.# #.######.#
#....@...#
...(#.......[#
# #[###.####
#. #.# # #.#
#.# #.# ..#


There were no monsters in sight!

Vanquished Creatures
  A scorpion (D:3)
  2 adders (D:2)
  A worm (D:2)
  3 dart slugs
  3 endoplasms (D:2)
  A giant cockroach (D:3)
  5 goblins
  5 jackals (D:1)
  6 quokkas
  3 ball pythons
  6 bats
  4 frilled lizards
  8 kobolds
  3 rats
51 creatures vanquished.

Notes
Turn   | Place    | Note
-------+----------+-------------------------------------------
     0 | D:1      | themarg the Gnoll Transmuter began the quest for the Orb.
     0 | D:1      | Reached XP level 1. HP: 17/17 MP: 6/6
    23 | D:1      | Reached XP level 2. HP: 23/23 MP: 7/7
    26 | D:1      | Learned a level 2 spell: Wereblood
   886 | D:1      | Reached skill level 5 in Spellcasting
   886 | D:1      | Reached XP level 3. HP: 28/28 MP: 7/9
  1057 | D:1      | Found a faded altar of an unknown god.
  1070 | D:1      | Got Plato's Anthology of Clouds
  1460 | D:1      | Learned a level 3 spell: Spider Form
  1566 | D:2      | Reached skill level 1 in Invocations
  1624 | D:2      | Found Equoteoc's Armour Shoppe.
  1654 | D:2      | Reached skill level 1 in Short Blades
  1654 | D:2      | Reached skill level 1 in Long Blades
  1654 | D:2      | Reached skill level 1 in Axes
  1654 | D:2      | Reached skill level 1 in Maces & Flails
  1654 | D:2      | Reached skill level 1 in Polearms
  1654 | D:2      | Reached skill level 1 in Staves
  1654 | D:2      | Reached skill level 1 in Ranged Weapons
  1654 | D:2      | Reached skill level 1 in Throwing
  1654 | D:2      | Reached skill level 1 in Armour
  1654 | D:2      | Reached skill level 1 in Stealth
  1654 | D:2      | Reached skill level 1 in Shields
  1654 | D:2      | Reached skill level 1 in Evocations
  1844 | D:2      | Reached XP level 4. HP: 34/34 MP: 11/11
  2667 | D:3      | Reached skill level 1 in Conjurations
  2667 | D:3      | Reached skill level 1 in Hexes
  2667 | D:3      | Reached skill level 1 in Summonings
  2667 | D:3      | Reached skill level 1 in Necromancy
  2667 | D:3      | Reached skill level 1 in Translocations
  2667 | D:3      | Reached skill level 1 in Fire Magic
  2667 | D:3      | Reached skill level 1 in Ice Magic
  2667 | D:3      | Reached skill level 1 in Air Magic
  2667 | D:3      | Reached skill level 1 in Earth Magic
  2667 | D:3      | Reached skill level 1 in Poison Magic
  2690 | D:3      | Noticed a scorpion
  2699 | D:3      | Killed a scorpion
  2700 | D:3      | Reached XP level 5. HP: 11/41 MP: 12/12
  2702 | D:3      | HP: 1/41 [poisoned by a scorpion]
  2703 | D:3      | Succumbed to a scorpion's poison

Illustrated notes

Levels and vault maps discovered:
D:1:      minmay_arrival_loop, layout_basic, shapermc_ecumenical_altar_rom_forum
D:2:      kennysheep_six_static_rooms, layout_loops_ring, serial_shops, shop
D:3:      layout_basic, st_stairs_1, kennysheep_path_1, uniq_crazy_yiuf_cottage

Skill      XL: |  1  2  3  4 |
---------------+-------------+-----
Spellcasting   | 5 |  5.2
Invocations    | 1 |  1.6
Short Blades   | 1 |  1.4
Long Blades    | 1 |  1.4
Axes           | 1 |  1.4
Maces & Flails | 1 |  1.4
Polearms       | 1 |  1.4
Staves         | 1 |  1.4
Ranged Weapons | 1 |  1.4
Throwing       | 1 |  1.4
Armour         | 1 |  1.4
Stealth        | 1 |  1.4
Shields        | 1 |  1.4
Evocations     | 1 |  1.4
Conjurations   | 1 |  1.1
Hexes          | 1 |  1.1
Summonings     | 1 |  1.1
Necromancy     | 1 |  1.1
Translocations | 1 |  1.1
Fire Magic     | 1 |  1.1
Ice Magic      | 1 |  1.1
Air Magic      | 1 |  1.1
Earth Magic    | 1 |  1.1
Poison Magic   | 1 |  1.1
Fighting       | 3 |  3.0
Dodging        | |  4.8
Unarmed Combat | |  6.7
Transmutations | |  3.9

Action                   |  1- 3 |  4- 6 || total
-------------------------+-------+-------++-------
Melee: Unarmed           |     7 |       ||     7
       Kick              |    19 |       ||    19
       Headbutt          |    15 |       ||    15
       Club              |    28 |       ||    28
       Dagger            |    25 |       ||    25
       Bite              |     3 |     4 ||     7
       Halberd           |    52 |    37 ||    89
 Cast: Beastly Appendage |    26 |     1 ||    27
       Wereblood         |     1 |       ||     1
  Use: Scroll            |       |     4 ||     4
 Stab: Sleeping          |     2 |     3 ||     5
Armor: Robe              |    29 |    17 ||    46
Dodge: Dodged            |    79 |    24 ||   103
